| TOP OF THE 1ST |
|
Reading Fightin Phils batting - Pitching for Colorado (EL) Rockies : LHP Yoshiya Yokoyama
|
|
Pitching: LHP Yoshiya Yokoyama
|
|
|
Batting: RHB Steve Jones
|
0-0: Ball 1-0: Ball 2-0: Called Strike 2-1: Swinging Strike 2-2: Strikes out swinging
|
|
Batting: RHB Chris Myers
|
0-0: Called Strike 0-1: Ball 1-1: Foul Ball, location: 2F 1-2: Fly out, F7 (Flyball, 78M, EV 73.8 MPH)
|
|
Batting: RHB Zach Downs
|
0-0: Called Strike 0-1: Ball 1-1: Ball 2-1: Ball 3-1: SINGLE (Line Drive, 8LS, EV 100.0 MPH)
|
|
Batting: LHB Josh George
|
0-0: Ball 1-0: Ground out 1-3 (Groundball, 13S, EV 65.0 MPH)
|
| Top of the 1st over - 0 runs, 1 hit, 0 errors, 1 left on base; Reading 0 - Colorado (EL) 0 |
| BOTTOM OF THE 1ST |
|
Colorado (EL) Rockies batting - Pitching for Reading Fightin Phils : RHP Chad Capaldi
|
|
Pitching: RHP Chad Capaldi
|
|
|
Batting: RHB Bodil Hardenberg
|
0-0: Ball 1-0: Foul Ball, location: 2F 1-1: Foul Ball, location: 2F 1-2: Ground out 6-3 (Groundball, 6M, EV 108.8 MPH)
|
|
Batting: LHB Eric Ludwig
|
0-0: Ground out 6-3 (Groundball, 6M, EV 104.4 MPH)
|
|
Batting: RHB Henry Alvizo
|
0-0: Ball 1-0: Called Strike 1-1: Foul Ball, location: 2F 1-2: Strikes out swinging
|
| Bottom of the 1st over - 0 runs, 0 hits, 0 errors, 0 left on base; Reading 0 - Colorado (EL) 0 |
| TOP OF THE 2ND |
|
Reading Fightin Phils batting - Pitching for Colorado (EL) Rockies : LHP Yoshiya Yokoyama
|
|
Batting: RHB Alan Weller
|
0-0: Ball 1-0: Ground out 4-3 (Groundball, 4, EV 87.5 MPH)
|
|
Batting: RHB Matt McDevitt
|
0-0: Ball 1-0: SINGLE (Line Drive, 8LS, EV 93.8 MPH)
|
|
Batting: RHB Seung-mun Kim
|
0-0: Called Strike 0-1: Grounds into double play, 4-6-3 (Groundball, 4, EV 86.9 MPH)
|
| Top of the 2nd over - 0 runs, 1 hit, 0 errors, 0 left on base; Reading 0 - Colorado (EL) 0 |
| BOTTOM OF THE 2ND |
|
Colorado (EL) Rockies batting - Pitching for Reading Fightin Phils : RHP Chad Capaldi
|
|
Batting: RHB Mike Manchester
|
0-0: Ball 1-0: Swinging Strike 1-1: Swinging Strike 1-2: Strikes out swinging
|
|
Batting: LHB Roy Riess
|
0-0: Ball 1-0: Foul Ball, location: 2F 1-1: Ground out 2-3 (Groundball, 2R, EV 63.1 MPH)
|
|
Batting: RHB Bobby Gulsby
|
0-0: Ball 1-0: Swinging Strike 1-1: Foul Ball, location: 2F 1-2: Ball 2-2: Strikes out swinging
|
| Bottom of the 2nd over - 0 runs, 0 hits, 0 errors, 0 left on base; Reading 0 - Colorado (EL) 0 |
| TOP OF THE 3RD |
|
Reading Fightin Phils batting - Pitching for Colorado (EL) Rockies : LHP Yoshiya Yokoyama
|
|
Batting: RHB Frank Ramirez
|
0-0: Called Strike 0-1: Foul Ball, location: 2F 0-2: Foul Ball, location: 2F 0-2: Ball 1-2: Fly out, F8 (Flyball, 8LD, EV 106.2 MPH)
|
|
Batting: LHB Rich Kuehne
|
0-0: Called Strike 0-1: Fly out, F9 (Flyball, 9S, EV 93.8 MPH)
|
|
Batting: RHB Steve Jones
|
0-0: Ball 1-0: Called Strike 1-1: Called Strike 1-2: Strikes out swinging
|
| Top of the 3rd over - 0 runs, 0 hits, 0 errors, 0 left on base; Reading 0 - Colorado (EL) 0 |
| BOTTOM OF THE 3RD |
|
Colorado (EL) Rockies batting - Pitching for Reading Fightin Phils : RHP Chad Capaldi
|
|
Batting: LHB Ryan Rodgers
|
0-0: Ball 1-0: Called Strike 1-1: Ground out U3 (Groundball, 3, EV 88.8 MPH)
|
|
Batting: RHB Max Schellekens
|
0-0: Called Strike 0-1: Fly out, F9 (Flyball, 89S, EV 86.2 MPH)
|
|
Batting: RHB Steve Waltenbery
|
0-0: Foul Ball, location: 2F 0-1: Foul Ball, location: 2F 0-2: Strikes out swinging
|
| Bottom of the 3rd over - 0 runs, 0 hits, 0 errors, 0 left on base; Reading 0 - Colorado (EL) 0 |
| TOP OF THE 4TH |
|
Reading Fightin Phils batting - Pitching for Colorado (EL) Rockies : LHP Yoshiya Yokoyama
|
|
Batting: RHB Chris Myers
|
0-0: Called Strike 0-1: Ball 1-1: Called Strike 1-2: Ball 2-2: Ball 3-2: Ground out 4-3 (Groundball, 13, EV 87.5 MPH)
|
|
Batting: RHB Zach Downs
|
0-0: Ball 1-0: Ground out 4-3 (Groundball, 4MS, EV 85.6 MPH)
|
|
Batting: LHB Josh George
|
0-0: Ball 1-0: Foul Ball, location: 2F 1-1: Ball 2-1: Foul Ball, location: 2F 2-2: Strikes out looking
|
| Top of the 4th over - 0 runs, 0 hits, 0 errors, 0 left on base; Reading 0 - Colorado (EL) 0 |
| BOTTOM OF THE 4TH |
|
Colorado (EL) Rockies batting - Pitching for Reading Fightin Phils : RHP Chad Capaldi
|
|
Batting: RHB Bodil Hardenberg
|
0-0: Called Strike 0-1: SINGLE (Flyball, 6D, EV 83.8 MPH)
|
|
Batting: LHB Eric Ludwig
|
0-0: Called Strike 0-1: Swinging Strike 0-2: Ball 1-2: Fly out, F6 (Popup, 6MD, EV 57.5 MPH)
|
|
Batting: RHB Henry Alvizo
|
0-0: Ball 1-0: Ground out 6-3 (Groundball, P, EV 85.0 MPH) Bodil Hardenberg to second
|
|
Batting: RHB Mike Manchester
|
0-0: Foul Ball, location: 2F 0-1: SINGLE (Flyball, 56D, EV 90.6 MPH) Bodil Hardenberg to third Runner from 3rd tries for Home, SAFE, throw by LF to home
|
|
Batting: LHB Roy Riess
|
0-0: Foul Ball, location: 2F 0-1: SINGLE (Flyball, 5D, EV 91.9 MPH) Mike Manchester to second Runner from 2nd tries for 3rd, SAFE, throw by LF made to third
|
|
Batting: RHB Bobby Gulsby
|
0-0: Single, Error in OF, E9, batter to second base (Line Drive, 89S, EV 106.9 MPH) Mike Manchester scores Roy Riess to third
|
|
Batting: LHB Ryan Rodgers
|
0-0: Ball 1-0: Foul Ball, location: 2F 1-1: Foul Ball, location: 2F 1-2: Ball 2-2: SINGLE (Line Drive, 78S, EV 90.6 MPH) Roy Riess scores Bobby Gulsby to third Runner from 3rd tries for Home, SAFE, throw by LF to home
|
|
Batting: RHB Max Schellekens
|
0-0: Ball 1-0: Called Strike 1-1: Ball 2-1: Ball 3-1: Swinging Strike 3-2: Foul Ball, location: 2F 3-2: Base on Balls Ryan Rodgers to second
|
|
Batting: RHB Steve Waltenbery
|
0-0: SINGLE (Line Drive, 8RS, EV 99.4 MPH) Ryan Rodgers to third Max Schellekens to second
|
|
Batting: RHB Bodil Hardenberg
|
0-0: Called Strike 0-1: Ball 1-1: SINGLE (Groundball, 34D, EV 107.5 MPH) Ryan Rodgers scores Max Schellekens to third Steve Waltenbery to second Runner from 3rd tries for Home, SAFE, throw by RF to home
|
|
Pitching: LHP Scott Hopkins
|
|
|
Batting: LHB Eric Ludwig
|
0-0: Ball 1-0: Ball 2-0: Called Strike 2-1: DOUBLE (Flyball, 8LXD, EV 102.5 MPH) Steve Waltenbery scores Bodil Hardenberg to third Runner from 3rd tries for Home, SAFE, throw by CF to trailing runner, SAFE at third!
|
|
Batting: RHB Henry Alvizo
|
0-0: Ball 1-0: Called Strike 1-1: Ball 2-1: Foul Ball, location: 2F 2-2: SINGLE (Groundball, 56S, EV 67.5 MPH) (infield hit) Eric Ludwig scores
|
|
Batting: RHB Mike Manchester
|
0-0: Called Strike 0-1: Fly out, F6 (Popup, 6, EV 56.2 MPH)
|
| Bottom of the 4th over - 9 runs, 9 hits, 1 error, 1 left on base; Reading 0 - Colorado (EL) 9 |
| TOP OF THE 5TH |
|
Reading Fightin Phils batting - Pitching for Colorado (EL) Rockies : LHP Yoshiya Yokoyama
|
|
Batting: RHB Alan Weller
|
0-0: Ground out 6-3 (Groundball, 6, EV 103.8 MPH)
|
|
Batting: RHB Matt McDevitt
|
0-0: Ground out 1-3 (Groundball, 13S, EV 68.8 MPH)
|
|
Batting: RHB Seung-mun Kim
|
0-0: Swinging Strike 0-1: Ball 1-1: Foul Ball, location: 2F 1-2: Ball 2-2: Ball 3-2: Base on Balls
|
|
Batting: RHB Frank Ramirez
|
0-0: SINGLE (Groundball, 56D, EV 101.2 MPH) Seung-mun Kim to second
|
|
Batting: LHB Rich Kuehne
|
0-0: Ball 1-0: Called Strike 1-1: Ball 2-1: Ball 3-1: SINGLE (Groundball, 56, EV 98.8 MPH) Seung-mun Kim to third Frank Ramirez to second Runner from 3rd tries for Home, SAFE, throw by LF to home
|
|
Batting: RHB Steve Jones
|
0-0: Swinging Strike 0-1: SINGLE (Line Drive, 8LS, EV 113.1 MPH) Frank Ramirez to third Rich Kuehne to second Runner from 3rd tries for Home, SAFE, throw by CF to home
|
|
Batting: RHB Chris Myers
|
0-0: Fielders Choice at 2nd, 6-4 (Groundball, 6, EV 86.2 MPH)
|
| Top of the 5th over - 2 runs, 3 hits, 0 errors, 2 left on base; Reading 2 - Colorado (EL) 9 |
| BOTTOM OF THE 5TH |
|
Colorado (EL) Rockies batting - Pitching for Reading Fightin Phils : LHP Scott Hopkins
|
|
Batting: LHB Roy Riess
|
0-0: Swinging Strike 0-1: Ball 1-1: Swinging Strike 1-2: Strikes out swinging
|
|
Batting: RHB Bobby Gulsby
|
0-0: Called Strike 0-1: Ball 1-1: Called Strike 1-2: Strikes out swinging
|
|
Batting: LHB Ryan Rodgers
|
0-0: SINGLE (Flyball, 7, EV 91.2 MPH)
|
|
Batting: RHB Max Schellekens
|
0-0: Ball 1-0: Ball 2-0: Ball 3-0: Called Strike 3-1: Base on Balls Ryan Rodgers to second
|
|
Batting: RHB Steve Waltenbery
|
0-0: Fly out, F9 (Flyball, 9, EV 76.9 MPH)
|
| Bottom of the 5th over - 0 runs, 1 hit, 0 errors, 2 left on base; Reading 2 - Colorado (EL) 9 |
| TOP OF THE 6TH |
|
Reading Fightin Phils batting - Pitching for Colorado (EL) Rockies : LHP Yoshiya Yokoyama
|
|
Batting: RHB Zach Downs
|
0-0: Foul Ball, location: 2F 0-1: Foul Ball, location: 2F 0-2: Ball 1-2: Ball 2-2: Ground out 2-3 (Groundball, 13S, EV 73.8 MPH)
|
|
Batting: LHB Josh George
|
0-0: Ball 1-0: Ground out 1-3 (Groundball, 15S, EV 67.5 MPH)
|
|
Batting: RHB Alan Weller
|
0-0: Ball 1-0: Ground out 6-3 (Groundball, 6, EV 83.8 MPH)
|
| Top of the 6th over - 0 runs, 0 hits, 0 errors, 0 left on base; Reading 2 - Colorado (EL) 9 |
| BOTTOM OF THE 6TH |
|
Colorado (EL) Rockies batting - Pitching for Reading Fightin Phils : LHP Scott Hopkins
|
|
Batting: RHB Bodil Hardenberg
|
0-0: Called Strike 0-1: Ball 1-1: Called Strike 1-2: Ball 2-2: Strikes out swinging, 2-3 out at first.
|
|
Batting: LHB Eric Ludwig
|
0-0: Ground out 5-3 (Groundball, 5, EV 105.0 MPH)
|
|
Batting: RHB Henry Alvizo
|
0-0: Ball 1-0: Foul Ball, location: 2F 1-1: SINGLE (Groundball, 34D, EV 106.2 MPH)
|
|
Batting: RHB Mike Manchester
|
0-0: Ball 1-0: Ball 2-0: Ground out 1-3 (Groundball, 13S, EV 65.0 MPH)
|
| Bottom of the 6th over - 0 runs, 1 hit, 0 errors, 1 left on base; Reading 2 - Colorado (EL) 9 |
| TOP OF THE 7TH |
|
Reading Fightin Phils batting - Pitching for Colorado (EL) Rockies : LHP Yoshiya Yokoyama
|
|
Batting: RHB Matt McDevitt
|
0-0: Called Strike 0-1: Foul Ball, location: 2F 0-2: Foul Ball, location: 2F 0-2: Ball 1-2: Ball 2-2: Fly out, F9 (Flyball, 9, EV 82.5 MPH)
|
|
Batting: RHB Seung-mun Kim
|
0-0: Foul Ball, location: 2F 0-1: Foul Ball, location: 2F 0-2: Strikes out looking
|
|
Batting: RHB Frank Ramirez
|
0-0: Ball 1-0: SINGLE (Groundball, 6M, EV 105.0 MPH)
|
|
Batting: LHB Rich Kuehne
|
0-0: Ball 1-0: Foul Ball, location: 2F 1-1: Foul Ball, location: 2F 1-2: Strikes out swinging
|
| Top of the 7th over - 0 runs, 1 hit, 0 errors, 1 left on base; Reading 2 - Colorado (EL) 9 |
| BOTTOM OF THE 7TH |
|
Colorado (EL) Rockies batting - Pitching for Reading Fightin Phils : LHP Scott Hopkins
|
|
Batting: LHB Roy Riess
|
0-0: Ball 1-0: Foul Ball, location: 2F 1-1: SINGLE (Groundball, 6MS, EV 67.5 MPH) (infield hit)
|
|
Batting: RHB Bobby Gulsby
|
0-0: Ball 1-0: Foul Ball, location: 2F 1-1: Swinging Strike 1-2: Ball 2-2: SINGLE (Flyball, 9LS, EV 90.0 MPH) Roy Riess to second
|
|
Batting: LHB Ryan Rodgers
|
0-0: Fly out, F8 (Flyball, 8RD, EV 95.0 MPH)
|
|
Batting: RHB Max Schellekens
|
0-0: Ball 1-0: Foul Ball, location: 2F 1-1: Foul Ball, location: 2F 1-2: Fly out, F8 (Line Drive, 89D, EV 91.9 MPH)
|
|
Batting: RHB Steve Waltenbery
|
0-0: Called Strike 0-1: Ball 1-1: Called Strike 1-2: Foul Ball, location: 2F 1-2: Fly out, F9 (Flyball, 9S, EV 83.8 MPH)
|
| Bottom of the 7th over - 0 runs, 2 hits, 0 errors, 2 left on base; Reading 2 - Colorado (EL) 9 |
| TOP OF THE 8TH |
|
Reading Fightin Phils batting - Pitching for Colorado (EL) Rockies : LHP Yoshiya Yokoyama
|
|
Batting: RHB Steve Jones
|
0-0: Called Strike 0-1: Ball 1-1: Ball 2-1: Foul Ball, location: 2F 2-2: Ball 3-2: Foul Ball, location: 2F 3-2: Foul Ball, location: 2F 3-2: Base on Balls
|
|
Batting: RHB Chris Myers
|
0-0: SINGLE (Groundball, 6MS, EV 81.2 MPH) (infield hit) Steve Jones to second
|
|
Pitching: RHP Carlos Delgado
|
|
|
Batting: RHB Zach Downs
|
0-0: Ball 1-0: Grounds into double play, 3-6-3 (Groundball, 34, EV 88.1 MPH) Steve Jones to third
|
|
Batting: LHB Josh George
|
0-0: Called Strike 0-1: Foul Ball, location: 2F 0-2: Ball 1-2: DOUBLE (Line Drive, 8RD, EV 88.8 MPH) Steve Jones scores
|
|
Batting: RHB Alan Weller
|
0-0: Ball 1-0: Foul Ball, location: 2F 1-1: Swinging Strike 1-2: Foul Ball, location: 2F 1-2: Strikes out swinging
|
| Top of the 8th over - 1 run, 2 hits, 0 errors, 1 left on base; Reading 3 - Colorado (EL) 9 |
| BOTTOM OF THE 8TH |
|
Colorado (EL) Rockies batting - Pitching for Reading Fightin Phils : LHP Scott Hopkins
|
|
Batting: RHB Bodil Hardenberg
|
0-0: Called Strike 0-1: Foul Ball, location: 2F 0-2: Ball 1-2: Ball 2-2: Foul Ball, location: 2F 2-2: Foul Ball, location: 2F 2-2: Ball 3-2: Base on Balls
|
|
Pitching: RHP Danny Zuniga
|
|
|
Batting: LHB Eric Ludwig
|
0-0: Ball 1-0: Called Strike 1-1: Called Strike 1-2: Foul Ball, location: 2F 1-2: Foul Ball, location: 2F 1-2: 2-RUN HOME RUN (Flyball, 9D, EV 94.4 MPH), Distance : 356 ft
|
|
Batting: RHB Henry Alvizo
|
0-0: Called Strike 0-1: Foul Ball, location: 2F 0-2: Ball 1-2: Ball 2-2: Ball 3-2: Base on Balls
|
|
Batting: RHB Mike Manchester
|
0-0: Swinging Strike 0-1: 2-RUN HOME RUN (Flyball, 7LD, EV 98.1 MPH), Distance : 387 ft
|
|
Batting: LHB Roy Riess
|
0-0: Ball 1-0: Ball 2-0: DOUBLE (Line Drive, 9LD, EV 101.9 MPH)
|
|
Batting: RHB Bobby Gulsby
|
0-0: Called Strike 0-1: SINGLE (Groundball, P, EV 89.4 MPH) (infield hit) Roy Riess to third
|
|
Batting: LHB Ryan Rodgers
|
0-0: Ball 1-0: Fly out, F9 (Line Drive, 89M, EV 90.6 MPH)
|
|
Batting: RHB Max Schellekens
|
0-0: Called Strike 0-1: Swinging Strike 0-2: Foul Ball, location: 2F 0-2: 3-RUN HOME RUN (Flyball, 9LD, EV 91.9 MPH), Distance : 330 ft
|
|
Pitching: RHP Marcos Tapia
|
|
|
Batting: RHB Steve Waltenbery
|
0-0: Ball 1-0: Ball 2-0: Called Strike 2-1: Ball 3-1: Base on Balls
|
|
Batting: RHB Bodil Hardenberg
|
0-0: Swinging Strike 0-1: Swinging Strike 0-2: Foul Ball, location: 2F 0-2: Strikes out swinging
|
|
Batting: LHB Eric Ludwig
|
0-0: Called Strike 0-1: Foul Ball, location: 2F 0-2: Strikes out swinging
|
| Bottom of the 8th over - 7 runs, 5 hits, 0 errors, 1 left on base; Reading 3 - Colorado (EL) 16 |
| TOP OF THE 9TH |
|
Reading Fightin Phils batting - Pitching for Colorado (EL) Rockies : RHP Carlos Delgado
|
|
Batting: RHB Matt McDevitt
|
0-0: Called Strike 0-1: Called Strike 0-2: Ball 1-2: Foul Ball, location: 2F 1-2: Foul Ball, location: 2F 1-2: Strikes out swinging, 2-3 out at first.
|
|
Batting: RHB Seung-mun Kim
|
0-0: Ball 1-0: Called Strike 1-1: Swinging Strike 1-2: Strikes out swinging
|
|
Pinch Hitting: LHB Tsuneharu Nishimura
|
0-0: SINGLE (Line Drive, 34D, EV 104.4 MPH)
|
|
Batting: LHB Rich Kuehne
|
0-0: Ball 1-0: SINGLE (Line Drive, 56, EV 98.8 MPH) Tsuneharu Nishimura to second
|
|
Batting: RHB Steve Jones
|
0-0: Called Strike 0-1: Called Strike 0-2: Foul Ball, location: 2F 0-2: Fielders Choice at 2nd, 6-4 (Groundball, 6, EV 100.0 MPH)
|
| Top of the 9th over - 0 runs, 2 hits, 0 errors, 2 left on base; Reading 3 - Colorado (EL) 16 |
|